 Dungeon Crawl Stone Soup version 0.30.0-5-g1a98f26d00 (webtiles) character file.

Game seed: 12634117706738669125

51 Acheron the Sneak (level 3, -2/31 HPs)
             Began as an Armataur Brigand on May 8, 2023.
             Slain by an orc
             ... wielding a +0 dagger
              (3 damage)
             ... on level 4 of the Dungeon.
             The game lasted 00:04:43 (974 turns).

Acheron the Sneak (Armataur Brigand)                 Turns: 974, Time: 00:04:44

Health: -2/31      AC:  5    Str: 16    XL:     3   Next: 57%
Magic:  3/3        EV:  9    Int: 11    God:
Gold:   65         SH:  3    Dex: 13    Spells: 0/2 levels left

rFire   . . .        a - +2 dagger (heavy)
rCold   . . .        h - +0 buckler
rNeg    . . .        b - +0 robe
rPois   .            (no helmet)
rElec   .            c - +0 cloak
rCorr   .            (no gloves)
SInv    .            (no barding)
Will    .....        (no amulet)
Stlth   +++          (no ring)
HPRegen 0.25/turn    (no ring)
MPRegen 0.08/turn

%: roll
@: no status effects
A: large, rugged brown scales 3, deformed body, armoured tail, roll, long
tongue, awkward tongue
a: no special abilities


You were on level 4 of the Dungeon.
You visited 1 branch of the dungeon, and saw 4 of its levels.

You collected 65 gold pieces.

Inventory:

Hand Weapons
 a - a +2 heavy dagger (weapon)
Missiles
 d - 9 poisoned darts (quivered)
 e - 3 curare-tipped darts
Armour
 b - a +0 robe (worn)
 c - a +0 cloak (worn)
 h - a +0 buckler (worn)
Wands
 k - a wand of digging (6)
Scrolls
 g - a scroll of magic mapping
 j - a scroll of amnesia
Potions
 f - 2 potions of brilliance


   Skills:
 * Level 2.0 Fighting
 * Level 2.0 Short Blades
 * Level 2.0 Throwing
 * Level 0.7 Dodging
 * Level 5.5 Stealth
 * Level 0.3 Spellcasting


You couldn't memorise any spells.
You knew the following spells:

 Your Spells              Type           Power      Damage    Failure   Level
a - Apportation           Tloc           0%         N/A       41%         1
b - Necrotise             Necr           0%         1d4       41%         1

Your spell library contained the following spells:

 Spells                   Type           Power      Damage    Failure   Level
 Summon Small Mammal      Summ           0%         N/A       41%         1
 Call Canine Familiar     Summ           0%         N/A       80%         3
 Frozen Ramparts          Ice            0%         1d1       80%         3
 Summon Guardian Golem    Hex/Summ       0%         N/A       80%         3
 Ice Form                 Ice/Tmut       0%         N/A       99%         4
 Petrify                  Tmut/Erth      0%         N/A       99%         4
 Summon Ice Beast         Ice/Summ       0%         N/A       99%         4
 Metabolic Englaciation   Hex/Ice        0%         N/A       100%        5
 Statue Form              Tmut/Erth      0%         N/A       100%        6


Dungeon Overview and Level Annotations

Branches:
Dungeon (4/15)
 Temple: D:4-7

Altars:
Vehumet

Shops:
D:2 (


Innate Abilities, Weirdness & Mutations

You are completely covered in rugged brown scales. (AC +3, +7% HP)
Armour fits poorly on your strangely shaped body.
You have a long armoured tail.
You roll when moving toward enemies. (Rampage)
Your long tongue fully drains potion bottles. (2x potion effects)
Your tongue gives you trouble enunciating. (1.5x scroll delay)


Message History

You feel sick. You block the orc wizard's attack. The orc closely misses you.
You hit the orc wizard but do no damage.
The orc wizard is lightly wounded.
You feel sick.
An orc comes into view. It is wielding a +0 dagger.
The orc wizard barely misses you. You block the orc's attack.
The orc hits you with a +0 hand axe.
The orc wizard hits you with a +0 dagger of venom.
Something hits you.
* * * LOW HITPOINT WARNING * * *
The orc moves out of view.
The orc attacks as you move away!
The orc hits you but does no damage. 2 orcs come into view.
You feel sick.
The orc shouts! x2
Something hits you but does no damage. Something hits you but does no damage.
You feel sick. The orc attacks as you move away! The orc completely misses you.
You feel sick.
You are no longer poisoned.
You roll towards the orc!
You puncture the orc!
You kill the orc!
Something hits you.
* * * LOW HITPOINT WARNING * * *
A kobold comes into view. It is wielding a +0 dagger.
Something unexpectedly blocked you, preventing you from rolling!
The kobold shouts!
You hit something.
You hear a shout!
The orc hits you with a +0 dagger.
* * * LOW HITPOINT WARNING * * *
Something hits you but does no damage. Something hits you.
* * * LOW HITPOINT WARNING * * *
The orc wizard casts a spell at you. The orc hits you with a +0 dagger.
* * * LOW HITPOINT WARNING * * *
Okay, then.
Okay, then.
Found a whip.
The orc hits you with a +0 dagger.
You die...

........#..###..# ##
.....>.........# .#
#.o......##...# .#
#..)...o....K?# .#
#.#####...#.# .
.#######....o......# ...
......#....#.##o####....
............oo.oo.......
......#....#.###@.##.##
......#####.............
......# #.....#....###
......# #.......)....#
......#####.#...####.#.#
####........#... .# # #
#............ # #
#..#####.#### ##
#...........


You could see an orc wizard and 4 orcs.

Vanquished Creatures
  2 adders (D:2)
  4 orcs
  4 ball pythons
  3 endoplasms
  4 goblins
  2 hobgoblins (D:1)
  A quokka (D:2)
  2 bats
  A frilled lizard (D:2)
  3 kobolds
  2 rats (D:1)
28 creatures vanquished.

Notes
Turn   | Place    | Note
-------+----------+-------------------------------------------
     0 | D:1      | Acheron the Armataur Brigand began the quest for the Orb.
     0 | D:1      | Reached XP level 1. HP: 18/18 MP: 1/1
   189 | D:1      | Reached XP level 2. HP: 25/25 MP: 2/2
   358 | D:2      | Reached skill level 5 in Stealth
   407 | D:2      | Found Sucvimask's Weapon Emporium.
   419 | D:2      | Reached XP level 3. HP: 23/31 MP: 3/3
   812 | D:2      | You fall into a shaft and drop 1 floor!
   859 | D:4      | Learned a level 1 spell: Apportation
   861 | D:4      | Learned a level 1 spell: Necrotise
   905 | D:4      | Found a radiant altar of Vehumet.
   972 | D:4      | HP: 1/31 [orc/+0 dagger (2)]
   974 | D:4      | Slain by an orc

Illustrated notes

Levels and vault maps discovered:
D:1:      elethiomel_arrival_quiet, layout_basic
D:2:      layout_basic, ebering_ecumenical_altar_hall, serial_shops, shop,
          minmay_misc_feat_columns
D:3:      minmay_roachtagon, layout_loops_cross, serial_shops, shop,
          chequers_avenue
D:4:      layout_basic, lemuel_round_altar, nicolae_vehumet_radiance,
          uniq_duvessa

Skill      XL: |  1  2  3 |
---------------+----------+-----
Throwing       | 2 |  2.0
Stealth        | 5 |  5.5
Short Blades   | 2 |  2.0
Fighting       | 2 |  2.0
Dodging        | |  0.7
Spellcasting   | |  0.3

Action                     || total
---------------------------++-------
  Melee: Dagger            ||    53
         Tailslap          ||     5
    Use: Scroll            ||     6
   Stab: Sleeping          ||    11
 Armour: Robe              ||    21
  Dodge: Dodged            ||    20
  Block: Buckler           ||     5
